Map: Orbital Shipyard

Players

Hellhammer

  • Race: Protoss Protoss
  • League: Gold

smoothd - Winner!

  • Race: Zerg Zerg
  • League: Platinum

VOD

Have the link to the VOD?

Description

Time

  • Played on: Jan. 31, 2016, 9:48 p.m.
  • Length: 10:14
Show
View Real Time Build Order
Export as new Build Order

Hellhammer Protoss 

Build Orders: Phoenix Opening 

Get SALT Encoding   

  12  0:02  Probe (Chrono Boost)  
  13  0:12  Probe (Chrono Boost)  
  14  0:18  Pylon  
  14  0:23  Probe (Chrono Boost)  
  15  0:36  Probe (Chrono Boost)  
  15  0:38  Gateway  
  16  0:47  Probe (Chrono Boost)  
  16  0:49  Assimilator  
  17  0:57  Probe (Chrono Boost)  
  18  1:04  Gateway  
  18  1:08  Probe (Chrono Boost)  
  20  1:33  Probe (Chrono Boost), Cybernetics Core  
  20  1:36  Pylon  
  20  1:41  Assimilator  
  20  1:43  Probe (Chrono Boost)  
  21  1:55  Probe (Chrono Boost)  
  22  2:09  Pylon, Warp Gate  
  22  2:10  Adept  
  22  2:11  Adept  
  26  2:32  Nexus  
  26  2:35  Probe (Chrono Boost)  
  27  2:49  Probe (Chrono Boost)  
  28  2:51  Stargate  
  28  3:05  Gateway  
  28  3:06  Probe (Chrono Boost)  
  29  3:14  Gateway  
  29  3:17  Probe (Chrono Boost)  
  30  3:27  Probe (Chrono Boost)  
  31  3:38  Phoenix  
  33  3:45  Probe (Chrono Boost)  
  33  3:47  Twilight Council  
  34  3:50  Mothership Core (Chrono Boost)  
  36  3:58  Probe (Chrono Boost)  
  37  4:03  Phoenix  
  35  4:16  Zealot x4  
  43  4:27  Probe x2 (Chrono Boost)  
  45  4:38  Zealot x3  
  45  4:39  Zealot  
  53  4:48  Pylon  
  53  4:51  Probe (Chrono Boost)  
  54  4:55  Blink (Chrono Boost)  
  54  5:04  Probe  
  55  5:09  Pylon  
  55  5:13  Pylon  
  55  5:17  Probe  
  55  5:19  Probe  
  57  5:30  Phoenix  
  57  5:32  Zealot x3  
  57  5:33  Zealot  
  67  5:54  Nexus  
  67  6:01  Pylon  
  67  6:09  Robotics Facility  
  67  6:11  Stalker x3  
  69  6:16  Probe  
  69  6:18  Probe  
  75  6:26  Pylon  
  75  6:29  Pylon  
  75  6:32  Pylon  
  75  6:35  Stalker x2  
  75  6:37  Probe (Chrono Boost)  
  75  6:38  Probe (Chrono Boost)  
  81  6:41  Phoenix  
  83  6:57  Probe x2 (Chrono Boost)  
  85  7:01  Assimilator  
  85  7:06  Assimilator  
  85  7:08  Forge  
  85  7:09  Immortal  
  85  7:10  Forge  
  89  7:18  Probe x3 (Chrono Boost)  
  92  7:25  Phoenix  
  94  7:39  Probe x3 (Chrono Boost)  
  94  7:40  Robotics Facility  
  94  7:42  Stalker x3  
  103  8:09  Stalker x3  
  103  8:11  Pylon  
  109  8:14  Pylon  
  109  8:17  Pylon  
  109  8:25  Probe x3 (Chrono Boost)  
  112  8:27  Immortal  
  112  8:28  Immortal  
  112  8:33  Pylon  
  120  8:36  Probe (Chrono Boost)  
  120  8:37  Pylon  
  120  8:40  Pylon  
  121  8:43  Probe x2 (Chrono Boost)  
  121  8:48  Stalker x2  
  125  8:49  Stalker  
  127  9:03  Templar Archives  
  127  9:08  Probe x3 (Chrono Boost)  
  130  9:22  Zealot  
  130  9:23  Stalker x3  
  138  9:31  Gateway  
  138  9:33  Gateway  
  138  9:34  Probe x3 (Chrono Boost)  
  138  9:35  Gateway  
  138  9:37  Gateway  
  141  9:45  Assimilator  
  141  9:50  Assimilator  
  93  10:00  Stalker x4  
Show
View Real Time Build Order
Export as new Build Order

smoothd Zerg - Winner!

Build Orders: Hatch First 

Get SALT Encoding   

  12  0:02  Drone  
  13  0:09  Drone  
  14  0:17  Overlord  
  14  0:37  Drone  
  14  0:38  Drone x2  
  17  0:54  Hatchery  
  16  0:58  Drone  
  16  1:00  Extractor  
  16  1:02  Drone  
  17  1:25  Drone x2  
  19  1:34  Overlord  
  19  1:41  Spawning Pool  
  19  1:43  Drone  
  19  1:58  Hatchery  
  18  2:04  Drone  
  19  2:13  Drone  
  20  2:18  Overlord  
  20  2:19  Drone  
  20  2:20  Drone  
  22  2:28  Queen  
  24  2:35  Metabolic Boost  
  24  2:41  Zergling x4  
  24  2:44  Zergling x2  
  27  2:52  Queen  
  27  2:58  Drone x2  
  31  3:05  Drone x2  
  33  3:09  Queen  
  33  3:12  Drone  
  36  3:18  Drone x2  
  38  3:23  Zergling x2  
  38  3:24  Zergling x4  
  40  3:40  Zergling x4  
  43  3:41  Drone  
  43  3:48  Queen  
  43  3:53  Zergling x6  
  48  3:56  Drone  
  48  3:57  Drone  
  50  4:07  Drone  
  50  4:08  Overlord x2  
  50  4:09  Overlord  
  50  4:17  Overlord  
  50  4:27  Drone x2  
  52  4:34  Spore Crawler  
  52  4:35  Spore Crawler  
  50  4:39  Spore Crawler x2  
  50  4:41  Drone x5, Overlord  
  50  4:42  Drone x3  
  56  4:50  Extractor  
  56  4:51  Roach Warren, Extractor  
  53  4:53  Extractor  
  53  4:56  Drone x5, Overlord  
  57  5:02  Drone  
  57  5:03  Drone  
  59  5:13  Drone  
  59  5:14  Drone x2  
  61  5:25  Lair  
  61  5:29  Evolution Chamber  
  61  5:30  Drone x2  
  61  5:31  Evolution Chamber  
  61  5:38  Drone  
  61  5:39  Drone x3  
  61  5:40  Spore Crawler  
  64  5:43  Spore Crawler  
  64  5:45  Spore Crawler  
  62  5:51  Roach x5  
  62  5:55  Pneumatized Carapace  
  72  6:00  Drone x2  
  74  6:10  Zerg Missile Weapons Level 1  
  74  6:13  Zerg Ground Armor Level 1  
  74  6:14  Drone  
  74  6:15  Drone x3  
  74  6:17  Extractor  
  77  6:21  Drone x4  
  77  6:23  Extractor  
  80  6:33  Roach  
  80  6:34  Glial Reconstitution  
  80  6:38  Roach  
  80  6:39  Roach x4  
  92  6:58  Roach x3  
  92  6:59  Overlord x4  
  98  7:18  Roach x3  
  98  7:19  Roach x4  
  112  7:24  Hydralisk Den  
  111  7:34  Drone x5, Overlord  
  111  7:35  Overlord x2  
  116  7:51  Roach x2  
  116  7:52  Roach x2, Ravager x2  
  116  7:53  Ravager x2  
  128  8:06  Hydralisk x2, Muscular Augments  
  128  8:07  Hydralisk x3  
  138  8:17  Hydralisk  
  138  8:18  Hydralisk x3  
  146  8:21  Drone x2  
  146  8:22  Drone  
  149  8:37  Drone x5  
  154  8:42  Overlord  
  154  8:43  Overlord  
  154  8:44  Hatchery  
  153  8:55  Drone  
  153  9:00  Overlord x4  
  154  9:07  Hydralisk x4  
  162  9:22  Hydralisk x5  
  172  9:30  Overlord x3  
  172  9:33  Drone x3  
  175  9:38  Drone  
  175  9:39  Drone  
  175  9:41  Roach  
  162  9:53  Roach x3  
Tags
 
Add a new tag
Caveats
  • Supply blocks, unpowered buildings, or Contaminate may cause inaccurate times.
  • Supply counts are checked every 10 seconds.